 Dungeon Crawl Stone Soup version 0.23.0-3-gf3c87f2 (webtiles) character file.

Game seed: 12119148292021915657

191 sking99 the Sneak (level 6, 0/32 HPs)
             Began as a Kobold Enchanter on Feb 23, 2019.
             Slain by an ogre
             ... wielding a cursed +0 giant spiked club
              (21 damage)
             ... on level 4 of the Dungeon.
             The game lasted 00:14:28 (5314 turns).

sking99 the Sneak (Kobold Enchanter)                Turns: 5314, Time: 00:14:29

Health: 0/32       AC:  4    Str:  7    XL:     6   Next: 2%
Magic:  6/10       EV: 15    Int: 17    God:
Gold:   124        SH:  0    Dex: 15    Spells: 4/10 levels left

rFire    . . .     SeeInvis .   b - +6 short sword
rCold    . . .     Gourm    .   (shield restricted)
rNeg     . . .     Faith    .   p - +0 leather armour
rPois    .         Spirit   .   m - +0 helmet
rElec    .         Reflect  .   (no cloak)
rCorr    .         Harm     .   (no gloves)
MR       .....                  (no boots)
Stlth    +++.......             (no amulet)
HPRegen  0.10/turn              (no ring)
MPRegen  0.12/turn              (no ring)

@: no status effects
A: small, carnivore
a: no special abilities


You were on level 4 of the Dungeon.
You were completely stuffed.

You visited 1 branch of the dungeon, and saw 4 of its levels.

You collected 124 gold pieces.

Inventory:

Hand Weapons
 a - a +1 dagger
 b - a +6 short sword (weapon)
Armour
 g - a +0 robe
 m - a +0 helmet (worn)
 p - a +0 leather armour (worn)
Wands
 r - a wand of flame (14)
Scrolls
 h - a scroll of fog {unknown}
 i - a scroll of teleportation
 k - a scroll of identify {unknown}
 o - a scroll of remove curse {unknown}
 q - a scroll of enchant weapon {unknown}
 s - a scroll of blinking {unknown}
 t - a scroll of amnesia {unknown}
Potions
 c - 2 potions of haste {unknown}
 e - a potion of might {unknown}
 f - a potion of heal wounds {unknown}
 j - a potion of flight {unknown}
 n - 2 potions of agility {unknown}
Comestibles
 d - 3 rations


   Skills:
 * Level 3.7 Short Blades
 + Level 3.8 Dodging
 + Level 5.3 Stealth
 + Level 2.9 Spellcasting
 + Level 3.7 Hexes


You had 4 spell levels left.
You knew the following spells:

 Your Spells              Type           Power        Failure   Level  Hunger
a - Ensorcelled Hibernat  Hex/Ice        #.....       19%         2    ##.....
b - Confuse               Hex            ###.....     17%         3    ###....
e - Corona                Hex            ###....      6%          1    None

Your spell library contained the following spells:

 Spells                   Type           Power        Failure   Level  Hunger
 Tukima's Dance           Hex            ###.....     17%         3    ###....
 Dazzling Spray           Conj/Hex       #.....       36%         3    ###....


Dungeon Overview and Level Annotations

Branches:
Dungeon (4/15)
 Temple: D:4-7

Altars:
Trog


Innate Abilities, Weirdness & Mutations

You are small and have problems with some larger weapons.
You are carnivorous and can eat meat at any time.


Message History

Casting: Ensorcelled Hibernation (safe; 19% risk of failure)
Confirm with . or Enter, or press ? or * to list all spells.
Aiming: Ensorcelled Hibernation (safe; 19% risk of failure)
Press: ? - help, Shift-Dir - straight line, f/p - ogre
Aim: an ogre, wielding a +0 giant spiked club (chance to defeat MR: 39%)
The ogre looks drowsy...
The helpless ogre fails to defend itself.
You puncture the ogre!
The ogre is severely wounded.
The ogre hits you with a cursed +0 giant spiked club.
You puncture the ogre!
The ogre is almost dead.
The ogre closely misses you.
Your leather armour prevents you from hitting the ogre.
The ogre is almost dead.
You barely miss the ogre.
The ogre is almost dead.
The ogre hits you with a cursed +0 giant spiked club!!
Ouch! That really hurt!
You die...

#.# #.# #.#
##.######
#........
####....#
#....<..#
#O##....##
#@#......###
#.#.........
#.##.........
#....(.......
#####........
#........
.......
.......
...$...


You could see an ogre.

Vanquished Creatures
  Robin (D:2)
  3 gnolls (D:2)
  3 adders
  2 oozes (D:3)
  2 worms (D:2)
  A leopard gecko (D:3)
  12 giant cockroaches
  17 goblins
  12 hobgoblins
  6 jackals
  8 kobolds
  3 quokkas
  A ball python (D:2)
  11 bats
  12 frilled lizards
  6 rats
100 creatures vanquished.

Notes
Turn   | Place    | Note
-------+----------+-------------------------------------------
     0 | D:1      | sking99 the Kobold Enchanter began the quest for the Orb.
     0 | D:1      | Reached XP level 1. HP: 10/10 MP: 3/3
   437 | D:1      | Reached XP level 2. HP: 12/15 MP: 3/5
   499 | D:1      | Learned a level 2 spell: Ensorcelled Hibernation
   999 | D:1      | Reached XP level 3. HP: 19/19 MP: 6/6
  1159 | D:1      | Learned a level 3 spell: Confuse
  2073 | D:1      | Reached XP level 4. HP: 4/24 MP: 0/7
  2718 | D:2      | Reached skill level 5 in Stealth
  2886 | D:2      | Noticed Robin
  3046 | D:2      | Reached XP level 5. HP: 24/28 MP: 5/8
  3081 | D:2      | Killed Robin
  5060 | D:3      | Found a bloodstained altar of Trog.
  5064 | D:3      | Reached XP level 6. HP: 32/32 MP: 3/10
  5285 | D:4      | Noticed an ogre
  5314 | D:4      | Slain by an ogre

Skill      XL: |  1  2  3  4 |
---------------+-------------+-----
Short Blades   | 2 3 |  3.7
Dodging        | 3 |  3.8
Stealth        | 5 |  5.3
Spellcasting   | |  2.9
Hexes          | |  3.7

Action                   |  1- 3 |  4- 6 || total
-------------------------+-------+-------++-------
Melee: Dagger            |    34 |       ||    34
       Short sword       |    41 |   103 ||   144
 Cast: Corona            |     7 |       ||     7
       Ensorcelled Hiber |    22 |    46 ||    68
       Confuse           |       |     2 ||     2
  Use: Potion            |       |     1 ||     1
       Scroll            |       |     1 ||     1
 Stab: Sleeping          |    21 |    31 ||    52
       Distracted        |       |     1 ||     1
  Eat: Chunk             |    13 |    14 ||    27
Armor: Robe              |    10 |     7 ||    17
       Leather armour    |       |     6 ||     6
Dodge: Dodged            |    63 |    92 ||   155
